Map: Ascensão para Aiur LE

Players

TheZergLord - Winner!

  • Race: Zerg Zerg
  • League: Grandmaster
  • Spawn Location: 5:00

Kozan

  • Race: Terran Terran
  • League: Grandmaster
  • Spawn Location: 11:00

VOD

Have the link to the VOD?

Description

Time

  • Played on: June 12, 2017, 1:43 p.m.
  • Length: 6:24
Show
View Real Time Build Order
Export as new Build Order

TheZergLord Zerg - Winner!

Build Orders: Hatch First 

Get SALT Encoding   

  12  0:01  Drone  
  13  0:12  Overlord  
  13  0:17  Drone  
  14  0:31  Drone x2  
  14  0:34  Drone  
  17  0:52  Hatchery  
  17  0:56  Drone  
  17  0:59  Drone  
  17  1:02  Extractor  
  17  1:15  Spawning Pool  
  16  1:19  Drone  
  16  1:22  Drone  
  18  1:29  Drone  
  19  1:41  Overlord  
  19  2:02  Queen  
  19  2:03  Zergling x4  
  19  2:05  Metabolic Boost  
  19  2:07  Queen  
  25  2:12  Zergling x2  
  25  2:15  Drone  
  27  2:17  Drone  
  28  2:23  Drone  
  29  2:33  Drone x2  
  31  2:44  Drone  
  31  2:49  Hatchery  
  31  2:51  Drone  
  32  2:53  Drone  
  32  2:58  Overlord  
  33  3:04  Drone  
  33  3:05  Queen  
  36  3:17  Drone x2  
  36  3:18  Drone, Overlord  
  39  3:20  Drone x2  
  39  3:22  Drone  
  39  3:24  Drone  
  39  3:26  Drone  
  43  3:37  Queen  
  43  3:40  Queen  
  47  3:47  Roach Warren  
  47  3:48  Zergling x6  
  47  3:49  Zergling x2  
  51  4:02  Queen  
  51  4:09  Extractor  
  52  4:11  Extractor  
  52  4:14  Lair  
  52  4:15  Drone x6  
  57  4:26  Overlord  
  57  4:27  Overlord  
  57  4:29  Spore Crawler  
  57  4:30  Queen, Spore Crawler  
  57  4:31  Spore Crawler  
  57  4:35  Drone  
  57  4:39  Roach Warren  
  57  4:44  Queen  
  58  4:46  Drone  
  58  4:51  Drone x2  
  61  4:53  Drone  
  61  4:55  Drone  
  61  4:57  Drone  
  61  4:58  Drone  
  65  5:02  Drone x2  
  67  5:14  Nydus Network  
  66  5:24  Roach x4  
  73  5:31  Overlord x2  
  73  5:38  Overseer  
  73  5:43  Overlord  
  73  5:44  Overlord  
  73  5:52  Roach, Nydus Canal  
  73  5:53  Roach x6  
  87  5:59  Roach  
  87  6:04  Roach x3  
Show
View Real Time Build Order
Export as new Build Order

Kozan Terran 

Build Orders: Reaper Expand, Hellion Banshee 

Get SALT Encoding   

  12  0:01  SCV  
  13  0:13  SCV  
  14  0:17  Supply Depot  
  14  0:25  SCV  
  15  0:30  Refinery  
  15  0:39  SCV  
  16  0:45  Barracks  
  16  0:51  SCV  
  17  1:03  SCV  
  18  1:15  SCV  
  19  1:32  Reaper, Orbital Command  
  20  1:39  Orbital Command  
  20  1:46  Command Center  
  20  1:57  Factory  
  20  2:05  SCV  
  21  2:09  Barracks Reactor  
  21  2:14  Supply Depot  
  21  2:17  SCV  
  21  2:20  Refinery  
  22  2:29  SCV  
  23  2:41  SCV  
  24  2:50  Starport  
  24  2:53  SCV  
  24  2:55  Barracks Tech Lab  
  25  2:59  Hellion x2  
  25  3:03  Orbital Command  
  25  3:05  SCV  
  30  3:17  SCV  
  31  3:20  Hellion  
  31  3:21  Hellion  
  35  3:27  Supply Depot  
  35  3:28  Barracks Tech Lab  
  35  3:29  SCV  
  35  3:30  SCV  
  37  3:39  Cloaking Field  
  37  3:41  Banshee  
  37  3:44  SCV  
  37  3:46  SCV  
  42  3:52  Supply Depot  
  42  3:56  SCV  
  42  3:58  Hellion, SCV  
  42  4:01  Hellion  
  48  4:08  SCV  
  49  4:10  SCV  
  49  4:11  Marine  
  49  4:12  Stimpack  
  51  4:20  SCV  
  51  4:22  SCV  
  53  4:24  Banshee  
  56  4:33  Command Center  
  56  4:35  SCV x2  
  58  4:39  Supply Depot  
  58  4:44  Marine  
  59  4:47  SCV x2  
  59  4:50  Barracks  
  59  4:52  Factory Reactor, Barracks  
  61  4:59  SCV  
  62  5:00  SCV  
  62  5:06  Engineering Bay  
  63  5:08  Engineering Bay  
  63  5:11  SCV  
  63  5:12  SCV  
  65  5:23  SCV  
  65  5:24  SCV  
  65  5:27  Armory  
  67  5:29  Banshee  
  67  5:33  Refinery  
  67  5:34  Refinery  
  70  5:39  Supply Depot  
  70  5:40  Supply Depot  
  70  5:44  Hellion x2, SCV  
  70  5:47  Supply Depot  
  75  5:51  Marine x3  
  78  6:04  Marine  
Tags
 
Add a new tag
Caveats
  • Supply blocks, unpowered buildings, or Contaminate may cause inaccurate times.
  • Supply counts are checked every 10 seconds.